 Dungeon Crawl Stone Soup version 0.30.1-11-g7821555f0a (webtiles) character file.

Game seed: 10125507565363564514

8860398 Kallu the Conqueror (level 27, 273/273 HPs)
             Began as a Hill Orc Monk on Jan 1, 2024.
             Was the Champion of Zin.
             Escaped with the Orb
             ... and 10 runes on Jan 2, 2024!
             The game lasted 04:28:04 (81914 turns).

Kallu the Conqueror (Hill Orc Monk)                Turns: 81914, Time: 04:28:04

Health: 273/273    AC: 55    Str: 26    XL:     27
Magic:  40/40      EV: 15    Int: 13    God:    Zin [******]
Gold:   9677       SH:  0    Dex: 15    Spells: 29/34 levels left

rFire   + + .        a - +9 executioner's axe (spect)
rCold   + + +        (shield currently unavailable)
rNeg    + . .        q - +12 gold dragon scales
rPois   +            J - +2 helmet of Keoturph {rC++}
rElec   +            M - +2 cloak
rCorr   +            d - +2 pair of gloves {Stlth+}
SInv    .            g - +2 pair of boots of Zeheu {Regen+ Int+3}
Will    ++...        S - amulet of Okawaru's Wrath {Harm rPois rN+ Regen+ Str-2} Stlth
                     h - ring of Walegheu {rElec rPois rCorr}
HPRegen 2.25/turn    Y - ring of Nihilism {Fly rF+ Dex+2}
MPRegen 0.27/turn

%: harm (+30% outgoing, +20% incoming)
@: flying, studying 4 skills
A: no striking features
0: Orb of Zot
}: 10/15 runes: decaying, slimy, silver, abyssal, demonic, glowing, magical,
fiery, dark, gossamer
a: Renounce Religion, Recite, Vitalisation, Imprison, Sanctuary, Donate Gold


You escaped.
You worshipped Zin.
Zin was exalted by your worship.
You visited 12 branches of the dungeon, and saw 56 of its levels.
You visited Pandemonium 1 time, and saw 14 of its levels.
You visited the Abyss 3 times.
You also visited: Sewer, Ice Cave, Wizlab and Desolation.

You collected 11160 gold pieces.
You spent 1133 gold pieces at shops.
You donated 350 gold pieces to Zin.

Inventory:

Hand Weapons
 a - a +9 spectral executioner's axe (weapon)
 b - a +2 battleaxe of flaming
 w - the +6 sword of Cerebov {flame}
   (You took it off Cerebov in Pandemonium)

   Zin disapproves of the use of such an item.
Missiles
 O - 7 throwing nets
Armour
 d - a +2 pair of gloves of stealth (worn)
 g - the +2 pair of boots of Zeheu (worn) {Regen+ Int+3}
   (You found it in Pandemonium)

   Int:       It affects your intelligence (+3).
   Regen:     It increases your rate of health regeneration.
 q - +12 gold dragon scales (worn)
 y - the +3 pair of seven-league boots {Rampage+∞}
   (You found it on level 4 of the Spider Nest)

   Rampage+∞: When moving toward enemies, its wearer moves as far as possible,
   alerting their target en route.
 J - the +2 helmet of Keoturph (worn) {rC++}
   (You bought it in a shop on level 2 of the Orcish Mines)

   rC:        It greatly protects you from cold.
 M - a +2 cloak (worn)
Jewellery
 h - the ring of Walegheu (left hand) {rElec rPois rCorr}
   (You found it on level 3 of the Elven Halls)

   [ring of resist corrosion]

   rElec:     It insulates you from electricity.
   rPois:     It protects you from poison.
   rCorr:     It protects you from acid and corrosion.
 K - the ring of Goin {rC+ Dex+6}
   (You found it in the Desolation of Salt)

   [ring of dexterity]

   Dex:       It affects your dexterity (+6).
   rC:        It protects you from cold.
 L - an amulet of regeneration
 N - the ring "Har Bokeit" {rN+ Will+ Dex+6}
   (You took it off a deep elf annihilator on level 3 of the Elven Halls)

   [ring of dexterity]

   Dex:       It affects your dexterity (+6).
   rN:        It protects you from negative energy.
   Will:      It increases your willpower.
 Q - the ring of Activism {rN++ Str+3 Int-2 SInv}
   (You found it on level 5 of the Vaults)

   [ring of see invisible]

   Str:       It affects your strength (+3).
   Int:       It affects your intelligence (-2).
   rN:        It greatly protects you from negative energy.
   SInv:      It lets you see invisible.
 S - the amulet of Okawaru's Wrath (around neck) {Harm rPois rN+ Regen+ Str-2}
   (You found it in the Desolation of Salt)

   [amulet of regeneration]

   Str:       It affects your strength (-2).
   rPois:     It protects you from poison.
   rN:        It protects you from negative energy.
   Regen:     It increases your rate of health regeneration.
   Harm:      It increases damage dealt and taken.
 V - a +4 ring of slaying
 Y - the ring of Nihilism (right hand) {Fly rF+ Dex+2}
   (You found it in the Desolation of Salt)

   [ring of protection from fire]

   Dex:       It affects your dexterity (+2).
   rF:        It protects you from fire.
   Fly:       It grants you flight.
Wands
 D - a wand of mindburst (51)
 E - a wand of roots (77)
 F - a wand of charming (98)
 G - a wand of flame (179)
 P - a wand of digging (30)
 W - a wand of light (45)
Scrolls
 e - a scroll of butterflies
 j - 4 scrolls of silence
 l - 10 scrolls of poison
 m - 23 scrolls of teleportation
 p - 7 scrolls of vulnerability
 t - 11 scrolls of noise
 z - 13 scrolls of fog
 B - 12 scrolls of immolation
 U - 10 scrolls of fear
Potions
 c - 3 potions of ambrosia
 f - 13 potions of mutation
 n - 7 potions of haste
 r - 16 potions of flight
 s - 13 potions of magic
 u - 2 potions of resistance
 v - 12 potions of heal wounds
 C - 34 potions of curing
 H - 9 potions of cancellation
 I - 5 potions of invisibility
 R - 17 potions of might
 X - 5 potions of brilliance
 Z - 3 potions of berserk rage
Miscellaneous
 i - a lightning rod (4/4)
 o - a condenser vane
 x - a phial of floods
 T - a phantom mirror


   Skills:
 O Level 27 Fighting
 O Level 27 Axes
 O Level 27 Armour
 + Level 20.4 Dodging
 - Level 4.0 Spellcasting
 - Level 12.0 Translocations
 - Level 8.0 Air Magic
 O Level 27 Invocations
 + Level 25.5 Evocations


You had 29 spell levels left.
You knew the following spells:

 Your Spells              Type           Power      Damage    Failure   Level
a - Blink                 Tloc           66%        N/A       1%          2
b - Swiftness             Air            23%        N/A       16%         3

Your spell library contained the following spells:

 Spells                   Type           Power      Damage    Failure   Level
 Apportation              Tloc           66%        N/A       1%          1
 Lesser Beckoning         Tloc           66%        N/A       1%          2
 Gell's Gravitas          Tloc           33%        N/A       3%          3
 Teleport Other           Tloc           33%        N/A       3%          3
 Vhi's Electric Charge    Tloc/Air       56%        N/A       7%          3
 Manifold Assault         Tloc           33%        N/A       10%         4
 Passage of Golubria      Tloc           33%        N/A       10%         4
 Momentum Strike          Conj/Tloc      36%        3d9       17%         2
 Shock                    Conj/Air       52%        1d6       26%         1
 Portal Projectile        Hex/Tloc       36%        N/A       34%         3
 Volatile Blastmotes      Fire/Tloc      36%        2d13      34%         3
 Poisonous Vapours        Pois/Air       26%        N/A       36%         2
 Airstrike                Air            11%        2d(2-18)  45%         4
 Iskenderun's Mystic Bla  Conj/Tloc      18%        2d6       75%         4
 Foxfire                  Conj/Fire      8%         2x1d4     80%         1
 Freeze                   Ice            8%         1d3       80%         1
 Kiss of Death            Conj/Necr      8%         2d6       80%         1
 Magic Dart               Conj           8%         1d3       80%         1
 Necrotise                Necr           8%         1d4       80%         1
 Sandblast                Erth           4%         2d4       80%         1
 Sting                    Tmut/Pois      8%         1d3       80%         1
 Summon Small Mammal      Summ           8%         N/A       80%         1
 Dispersal                Tloc           16%        N/A       83%         6
 Ensorcelled Hibernation  Hex/Ice        4%         N/A       90%         2
 Passwall                 Tmut/Erth      1%         N/A       90%         2
 Scorch                   Fire           4%         2d5       90%         2
 Sublimation of Blood     Necr           2%         N/A       90%         2
 Wereblood                Tmut           2%         N/A       90%         2
 Confusing Touch          Hex            2%         N/A       99%         3
 Dazzling Flash           Conj/Hex       4%         N/A       99%         3
 Frozen Ramparts          Ice            4%         1d1       99%         3
 Hailstorm                Conj/Ice       2%         3d3       99%         3
 Inner Flame              Hex/Fire       2%         N/A       99%         3
 Ozocubu's Armour         Ice            2%         N/A       99%         3
 Spider Form              Tmut/Pois      2%         N/A       99%         3
 Stone Arrow              Conj/Erth      4%         3d7       99%         3
 Summon Guardian Golem    Hex/Summ       2%         N/A       99%         3
 Tukima's Dance           Hex            2%         N/A       99%         3
 Anguish                  Hex/Necr       1%         N/A       100%        4
 Animate Armour           Summ/Erth      4%         N/A       100%        4
 Animate Dead             Necr           2%         N/A       100%        4
 Cause Fear               Hex            1%         N/A       100%        4
 Dispel Undead            Necr           2%         3d7       100%        4
 Flame Wave               Conj/Fire      2%         2d4       100%        4
 Fulminant Prism          Conj/Hex       1%         3d5       100%        4
 Ice Form                 Ice/Tmut       2%         N/A       100%        4
 Leda's Liquefaction      Hex/Erth       1%         N/A       100%        4
 Olgreb's Toxic Radiance  Pois           2%         N/A       100%        4
 Summon Ice Beast         Ice/Summ       2%         N/A       100%        4
 Agony                    Necr           2%         N/A       100%        5
 Alistair's Intoxication  Tmut/Pois      1%         N/A       100%        5
 Arcjolt                  Conj/Air       6%         1d16      100%        5
 Blade Hands              Tmut           1%         N/A       100%        5
 Borgnjor's Vile Clutch   Necr/Erth      1%         N/A       100%        5
 Fireball                 Conj/Fire      1%         3d3       100%        5
 Irradiate                Conj/Tmut      1%         3d12      100%        5
 Iskenderun's Battlesphe  Conj           2%         2d6       100%        5
 Lee's Rapid Deconstruct  Erth           1%         3d4*      100%        5
 Metabolic Englaciation   Hex/Ice        1%         N/A       100%        5
 Silence                  Hex/Air        6%         N/A       100%        5
 Summon Mana Viper        Hex/Summ       2%         N/A       100%        5
 Yara's Violent Unravell  Hex/Tmut       1%         3d3       100%        5
 Conjure Ball Lightning   Conj/Air       6%         3x3d6     100%        6
 Eringya's Noxious Bog    Tmut/Pois      1%         N/A       100%        6
 Iron Shot                Conj/Erth      1%         9d1       100%        6
 Plasma Beam              Fire/Air       6%         2x1d18    100%        6
 Simulacrum               Ice/Necr       1%         N/A       100%        6
 Starburst                Conj/Fire      1%         6d3       100%        6
 Statue Form              Tmut/Erth      1%         N/A       100%        6
 Summon Cactus Giant      Summ           1%         N/A       100%        6
 Dragon Form              Tmut           1%         N/A       100%        7
 Enfeeble                 Hex            1%         N/A       100%        7
 Haunt                    Necr/Summ      1%         N/A       100%        7
 Malign Gateway           Summ/Tloc      9%         N/A       100%        7
 Monstrous Menagerie      Summ           1%         N/A       100%        7
 Orb of Destruction       Conj           1%         9d5       100%        7
 Ozocubu's Refrigeration  Ice            1%         4d7       100%        7
 Spellforged Servitor     Conj/Summ      1%         N/A       100%        7
 Storm Form               Tmut/Air       6%         N/A       100%        7
 Summon Hydra             Summ           1%         N/A       100%        7
 Disjunction              Tloc           16%        N/A       100%        8
 Lehudib's Crystal Spear  Conj/Erth      1%         10d2      100%        8
 Summon Horrible Things   Summ           1%         N/A       100%        8
 Dragon's Call            Summ           1%         N/A       100%        9
 Fire Storm               Conj/Fire      1%         7d1       100%        9
 Polar Vortex             Ice            1%         N/A       100%        9
 Shatter                  Erth           1%         3d5*      100%        9


Dungeon Overview and Level Annotations

Branches:
Dungeon (15/15)            Temple (0/1) D:7            Lair (5/5) D:9
  Swamp (4/4) Lair:2       Spider (4/4) Lair:3        Slime (5/5) Lair:5
    Orc (2/2) D:9             Elf (3/3) Orc:2        Vaults (5/5) D:13
  Crypt (3/3) Vaults:3       Tomb (0/3) Crypt:3      Depths (4/4) D:15
   Hell (visited)             Dis (0/7) Hell            Geh (0/7) Hell
    Coc (0/7) Hell            Tar (0/7) Hell            Zot (5/5) Depths:4
  Sewer (visited)           IceCv (visited)          WizLab (visited)
Desolation (visited)

Altars:
Cheibriados
Dithmenos
Elyvilon
Fedhas
Gozag
Hepliaklqana
Kikubaaqudgha
Makhleb
Okawaru
Qazlal
Ru
Trog
Vehumet
Xom
Yredelemnul
Zin
Beogh
Jiyva

Shops:
D:4 (*!*   D:9 :   D:15 [   Orc:2 !=([=[   Vaults:1 :   Vaults:3 !   Vaults:5 ?
Depths:1 *   Depths:4 ?

Portals:
Hell: Depths:1 Depths:2 Depths:3 Depths:4
Abyss: Depths:2 Depths:3
Pandemonium: Depths:1 Depths:2
Ziggurat: Depths:4

Annotations:
Lair:4 exclusion: 3 oklob plants
Crypt:3 3 runed translucent doors, Zoalos's ghost, veteran GrEE
Depths:1 exclusion: downstairs
Zot:3 5 transporters
Zot:5 1 exclusion


Message History

There is a stone staircase leading up here.
You fly upwards.
There is a stone staircase leading down here.
A demonic crawler comes into view.
Activating: Recite (0% risk of failure)
Press: ? - help, Dir - look around, f - activate You clear your throat and prepare to recite. "Thus the people made the covenant of piety with..."
Unknown command. "...Zin, and all was good, for they knew that the..."
The demonic crawler is blasted by Zin's holy word!
The demonic crawler gives a hideous shriek! "...legions of the damned would trouble them no longer."
You finish reciting Anathema 13:37.
The demonic crawler is lost in a daze.
You slice the demonic crawler!!
The demonic crawler is heavily wounded.
Your +9 spectral executioner's axe hits the demonic crawler!!
The demonic crawler barely misses you.
The demonic crawler hits you but does no damage. x2
You slash the demonic crawler!
You kill the demonic crawler!
Your +9 spectral executioner's axe disappears.
You see here a +0 short sword.
You are ready to recite again.
You see here a +0 club.
There is a stone staircase leading up here.
You fly upwards.
There is a stone staircase leading down here.
Unknown command.
There is an escape hatch in the ceiling here.
A mysterious force pulls you upwards. The hatch slams shut behind you.
There is an open door here.
You reach down and open the door.
There is an open door here.
There is an open door here.
There is a staircase leading out of the dungeon here.
Okay, then.
You can't go down here!
You have escaped!

#............##....>.#
##...................#
##.............#'#...#
##.............#.#...#
...............#'#..#########
.#.............#.#..........#
.............###'##.........#
##.[......#####...#####.....#
#........'.'.'.@.'.'.'.....#
#......).#####...###########
#......)..# ##'## #.#
#.........## #.# #.#
##.........####'# #.#
##.....##....#.# ###.#
###########.#'# #...#
#.#.###.### #.......#


There were no monsters in sight!

Vanquished Creatures
  Cerebov (Pan)
  the Royal Jelly (Slime:5)
  Ignacio (Pan)
  Gloorx Vloq (Pan)
  Mnoleg (Pan)
  Lom Lobon (Pan)
  2 dread liches (Zot:5)
  6 orbs of fire (Zot:5)
  3 ancient liches (Zot:5)
  Mara (Swamp:4)
  The ghost of Netemen the Gnoll Aeon, a master GnFi of Cheibriados (Zot:1)
  A Head Instructor (WizLab)
  6 Killer Klowns
  the Lernaean hydra (Swamp:4)
  Bai Suzhen (Spider:2)
  7 pandemonium lords (Pan)
  Geryon (Hell)
  2 curse toes
  Nikola (Spider:3)
  2 profane servitors
  11 golden dragons
  4 bone dragons
  A pearl dragon (Pan)
  the Enchantress (Depths:2)
  3 doom hounds (Zot:1)
  Jorgrun (Spider:1)
  8 electric golems
  9 Brimstone Fiends (Pan)
  Zenata (Crypt:1)
  10 Tzitzimimeh
  A hellephant (Depths:3)
  8 Hell Sentinels
  5 liches
  7 Ice Fiends
  29 Orb Guardians
  32 tentacled monstrosities
  Grunn (Zot:1)
  A deep elf blademaster (Elf:3)
  Mlioglotl (Swamp:2)
  Asterion (Depths:2)
  A deep elf master archer (Elf:3)
  7 quicksilver dragons
  Murray (Depths:2)
  20 death cobs
  22 Executioners
  24 acid blobs
  5 titans
  9 ancient champions
  Kirke (D:15)
  6 tengu reavers
  An eldritch tentacle (Abyss:4)
  Agnes (D:14)
  5 sphinxes
  7 tentacled starspawn
  19 shadow dragons
  22 storm dragons
  2 revenants
  Roxanne (Elf:3)
  4 draconian monks
  6 azure jellies (Slime:5)
  A daeva (Pan)
  10 rockslimes
  7 demonspawn warmongers (Pan)
  7 draconian knights
  5 fire giants
  20 vault wardens
  9 ghost moths
  A juggernaut zombie (Crypt:1)
  Louise (D:15)
  7 frost giants
  9 emperor scorpions
  3 draconian stormcallers
  5 spectral caustic shrikes (Depths:4)
  7 draconian scorchers
  5 iron dragons
  9 curse skulls
  4 orc warlords
  An angel (Pan)
  14 ghouls
  Aizul (Elf:3)
  10 deep elf sorcerers
  A caustic shrike zombie (Crypt:3)
  10 deep elf elementalists
  25 balrugs
  22 cacodemons
  6 draconian shifters
  A caustic shrike skeleton (Pan)
  7 war gargoyles
  17 ironbound preservers
  2 broodmothers
  5 draconian annihilators
  4 spriggan defenders
  13 reapers
  6 demonspawn corrupters (Pan)
  A juggernaut skeleton (Abyss:4)
  2 ophanim
  18 very ugly things
  13 stone giants
  5 demonspawn blood saints (Pan)
  3 quicksilver oozes
  5 green draconians
  11 vampire knights
  3 deep elf demonologists
  4 demonspawn black suns (Pan)
  12 black draconians
  A putrid mouth (Zot:1)
  3 eleionomae
  13 yellow draconians
  7 apis (Pan)
  11 ironbound thunderhulks
  6 lorocyprocas (Pan)
  10 red draconians
  14 white draconians
  2 elemental wellsprings (Hell)
  14 purple draconians
  Azrael (Orc:2)
  2 halazid warlocks (Desolation)
  7 deep elf annihilators
  A bunyip (Swamp:4)
  14 dire elephants
  14 spark wasps
  3 eidola
  14 ettins
  2 pearl dragon zombies (Depths:1)
  A wendigo (Hell)
  10 blizzard demons
  5 entropy weavers
  10 ragged hierophants (Desolation)
  5 deep elf death magi
  16 green deaths (Pan)
  3 mummy priests (Crypt:3)
  A merfolk javelineer (Depths:4)
  8 fire dragons
  2 quicksilver dragon zombies
  The ghost of Quickbrownfox the Destroyer, a journeyman DsCj of Ashenzari (Orc:2)
  12 jiangshi
  Josephine (Lair:4)
  3 crystal guardians
  A spriggan zombie (Depths:1)
  2 merfolk impalers
  Harold (Lair:2)
  14 yaktaur captains
  19 hydras
  5 hell beasts
  3 deep elf high priests
  10 great orbs of eyes
  13 servants of whispers
  10 ironbound frosthearts
  A bennu zombie (Crypt:3)
  6 spriggan air magi
  6 rakshasas
  7 ogre magi
  3 ghost crabs
  11 peacekeepers
  A juggernaut simulacrum (Hell)
  2 spriggan skeletons (Pan)
  5 catoblepae
  A merfolk avatar (Abyss:4)
  47 vault guards
  9 centaur warriors
  A jorogumo (Spider:1)
  9 ice dragons
  A radroach (Spider:4)
  3 deep troll shamans
  A fenstrider witch skeleton (Pan)
  5 boulder beetles
  13 two-headed ogres
  15 death yaks
  27 dancing weapons
  4 death knights
  A naga warrior (Abyss:4)
  4 satyrs (Depths:2)
  9 tengu warriors
  8 vampire magi
  14 hell hogs
  An orc high priest (Orc:1)
  11 alligators
  6 deep troll earth magi
  7 spriggan berserkers
  9 thrashing horrors
  21 deep elf knights
  49 soul eaters
  A titan zombie (Crypt:1)
  Urug (Lair:4)
  64 sun demons
  23 spriggans
  14 hell knights
  An emperor scorpion zombie (Crypt:3)
  4 iron trolls
  3 skysharks
  2 sun moths (Spider:3)
  8 pharaoh ants
  31 sixfirhies
  A salamander mystic (Depths:4)
  14 shadow demons
  2 spriggan druids (Swamp:4)
  4 wretched stars
  18 skeletal warriors
  8 shadow wraiths
  Lodul (D:12)
  56 deep trolls
  A sea snake (shapeshifter) (Vaults:5)
  A glowing orange brain (shapeshifter) (Vaults:1)
  13 swamp dragons
  11 bog bodies
  7 goliath frogs
  4 glowing orange brains
  A spark wasp zombie (Depths:1)
  9 deep elf archers
  5 flayed ghosts
  A cherub (Pan)
  18 ironbound convokers
  17 wizards
  13 orc knights
  Pikel (D:7)
  14 phantasmal warriors
  2 spriggan simulacra
  12 orb spiders
  A bunyip skeleton (Crypt:3)
  17 deep elf pyromancers
  17 deep elf zephyrmancers
  8 steelbarb worms
  13 lindwurms
  A lindwurm (shapeshifter) (Elf:1)
  11 necromancers
  9 harpies
  31 starcursed masses (Abyss:4)
  A harpy (shapeshifter) (Elf:1)
  9 shining eyes
  6 mana vipers (WizLab)
  A fire giant zombie (Crypt:2)
  A mana viper (shapeshifter) (D:14)
  3 orc sorcerers
  25 wolf spiders
  6 manticores
  A stone giant zombie (Depths:1)
  38 ugly things
  A sphinx zombie (Depths:1)
  4 salamanders (Depths:4)
  A wolf spider (shapeshifter) (Vaults:4)
  9 cyclopes
  6 will-o-the-wisps
  40 moths of wrath
  4 worldbinders
  3 fauns (Depths:2)
  A stone giant skeleton (Pan)
  5 elephants (Lair:4)
  A centaur zombie (Crypt:3)
  An apocalypse crab (Abyss:4)
  4 guardian serpents
  4 apis skeletons (Depths:1)
  3 naga magi (WizLab)
  13 rust devils
  2 dire elephant zombies
  6 eyes of devastation
  15 vault sentinels
  A gargoyle (D:12)
  29 demonic crawlers
  34 orange demons
  3 molten gargoyles
  105 slime creatures
  71 smoke demons
  Maggie (D:7)
  4 black mambas
  12 cane toads
  An ice statue (IceCv)
  7 rime drakes
  7 torpor snails
  A naga skeleton (Pan)
  An unseen horror (Abyss:4)
  A catoblepas zombie (Crypt:2)
  7 komodo dragons
  11 hellions
  A purple draconian zombie (Crypt:1)
  21 yaktaurs
  4 freezing wraiths
  4 ancient zymes
  5 ice devils
  6 tengu conjurers
  An anaconda simulacrum (Hell)
  11 guardian mummies (Crypt:3)
  A pale draconian skeleton (Crypt:3)
  10 tormentors
  10 efreet
  8 red devils (Pan)
  Grinder (Sewer)
  A bloated husk (Swamp:1)
  A mana viper skeleton (Crypt:2)
  13 polar bears
  11 trolls
  28 hornets
  19 hellwings
  A queen bee (Spider:4)
  8 meliai
  11 tyrant leeches
  A raiju (shapeshifter) (D:13)
  77 saltlings
  24 tarantellas
  A harpy skeleton (Pan)
  7 blink frogs
  A dream sheep (shapeshifter) (Abyss:4)
  20 raiju
  An ettin zombie (Crypt:3)
  A stone giant simulacrum (Depths:1)
  A slime creature (shapeshifter) (Depths:2)
  A spriggan (shapeshifter) (D:13)
  15 culicivoras
  A fire dragon skeleton (Crypt:2)
  17 jumping spiders
  18 flying skulls
  An ice dragon skeleton (Crypt:2)
  3 shadows
  68 yaks
  6 water elementals
  4 air elementals
  28 ynoxinuls
  A wyvern (shapeshifter) (Vaults:5)
  A naga simulacrum (Hell)
  An ushabti (Crypt:3)
  A wind drake zombie (Crypt:3)
  5 fire elementals
  A human (D:13)
  A yak (shapeshifter) (D:12)
  3 wyverns
  An alligator snapping turtle simulacrum (Hell)
  A hog (D:15)
  3 basilisks
  11 golden eyes
  12 wraiths
  26 chaos spawn
  33 neqoxecs
  20 vampire mosquitoes
  59 redbacks
  A steam dragon (Lair:4)
  A harpy simulacrum (Hell)
  A naga (Abyss:4)
  12 swamp worms
  2 acid dragons
  8 wargs
  57 large abominations
  9 water moccasins
  A hydra simulacrum (Hell)
  A water nymph skeleton (Crypt:1)
  5 hell hounds
  6 floating eyes
  8 small abominations
  A deep troll skeleton (Crypt:1)
  10 swamp drakes
  An ice beast (D:7)
  27 orc warriors
  2 sky beasts
  30 ogres
  26 wolves
  7 centaurs
  5 boggarts
  A rime drake zombie (Crypt:2)
  A lemure (D:7)
  A phantom (Sewer)
  2 kobold brigands
  2 elf zombies (Elf:1)
  3 earth elementals
  15 bullfrogs
  A gnoll sergeant (D:9)
  9 necrophages
  A wight (Sewer)
  A polar bear zombie (Crypt:2)
  16 killer bees (Spider:4)
  A polar bear skeleton (Crypt:1)
  A wolf zombie (Crypt:2)
  12 electric eels
  A lava snake (D:15)
  2 iron imps
  14 orc priests
  Crazy Yiuf (D:4)
  3 gnoll boudas
  6 hounds
  8 jellies
  3 iguanas
  21 orc wizards
  A boggart zombie (Crypt:1)
  A hound zombie (Crypt:1)
  A mummy (D:4)
  8 gnolls
  4 adders
  A river rat (D:6)
  4 shadow imps
  4 white imps
  7 ufetubi
  5 worms
  5 dart slugs
  88 orcs
  5 bats
  A bat zombie (Crypt:2)
  6 endoplasms
  9 giant cockroaches
  11 goblins
  5 hobgoblins
  29 kobolds
  2 quokkas (D:3)
  12 ball pythons
  An endoplasm zombie (Crypt:2)
  2 frilled lizards
  A hobgoblin skeleton (Crypt:3)
  4 hobgoblin zombies
  4 kobold zombies
  7 rats
  A rat zombie (Crypt:3)
  A lurking horror (Abyss:4)
  8 spectral weapons
  14 starspawn tentacles
3540 creatures vanquished.

Vanquished Creatures (others)
  An eldritch tentacle (Pan)
  A great orb of eyes (Depths:3)
  A caustic shrike simulacrum (Hell)
  A spriggan skeleton (Abyss:4)
  A spriggan (Swamp:1)
  An ironbound convoker (Desolation)
  A guardian serpent (Desolation)
  A naga mage (WizLab)
  A bloated husk (Swamp:1)
  A meliai (Spider:1)
  A saltling (Desolation)
  2 hornets (Swamp:1)
  A culicivora (Spider:4)
  A water elemental (Elf:2)
  A golden eye (Depths:3)
  2 chaos spawn (Pan)
  A swamp drake (Swamp:4)
  An orc (Vaults:5)
  14 foxfires
  A lurking horror (Abyss:4)
  134 spectral weapons
  9 starspawn tentacles
178 creatures vanquished.

Grand Total: 3718 creatures vanquished

Notes
Turn   | Place    | Note
-------+----------+-------------------------------------------
     0 | D:1      | Kallu the Hill Orc Monk began the quest for the Orb.
     0 | D:1      | Reached XP level 1. HP: 19/19 MP: 1/1
   132 | D:1      | Reached XP level 2. HP: 27/27 MP: 2/2
   430 | D:1      | Reached skill level 5 in Axes
   503 | D:1      | Reached XP level 3. HP: 32/33 MP: 3/3
   622 | D:2      | Found a faded altar of an unknown god.
  1124 | D:2      | Identified the +8 trident of Gozag's Reproof {flame, Str+3
                  | Stlth+}
  1391 | D:3      | Reached skill level 5 in Fighting
  1391 | D:3      | Reached XP level 4. HP: 21/42 MP: 4/4
  1398 | D:3      | Reached XP level 5. HP: 18/50 MP: 5/5
  1783 | D:3      | Found an iron altar of Okawaru.
  1805 | D:3      | Found a white marble altar of Elyvilon.
  2329 | D:3      | Reached skill level 1 in Armour
  2451 | D:3      | Found a blossoming altar of Fedhas.
  2451 | D:3      | Found a burning altar of Makhleb.
  2570 | D:4      | Found a basalt altar of Yredelemnul.
  2580 | D:4      | Reached XP level 6. HP: 50/58 MP: 6/6
  2735 | D:4      | Found Amaokur's Assorted Antiques.
  2865 | D:4      | You fall into a shaft and drop 2 floors!
  2961 | D:6      | Reached XP level 7. HP: 59/66 MP: 7/7
  3348 | D:6      | Found a glowing drain.
  3357 | Sewer    | Entered a sewer
  3488 | Sewer    | Found an ancient bone altar of Kikubaaqudgha.
  3903 | Sewer    | Noticed Grinder
  3912 | Sewer    | Killed Grinder
  3913 | Sewer    | Reached skill level 10 in Fighting
  3913 | Sewer    | Reached XP level 8. HP: 59/79 MP: 8/8
  4217 | D:5      | Entered Level 5 of the Dungeon
  4302 | D:5      | Found a shimmering altar of Xom.
  4303 | D:5      | Found a radiant altar of Vehumet.
  4304 | D:5      | Found a shadowy altar of Dithmenos.
  4304 | D:5      | Found a glowing silver altar of Zin.
  4369 | D:5      | Became a worshipper of Zin the Law-Giver
  4369 | D:5      | Reached * piety under Zin
  4369 | D:5      | Reached ** piety under Zin
  4369 | D:5      | Reached *** piety under Zin
  4460 | D:5      | Reached skill level 1 in Invocations
  5161 | D:4      | Found Dysih's Assorted Antiques.
  5191 | D:4      | Found Okhluhud's Weapon Boutique.
  5206 | D:4      | Found Arinest's Distillery.
  5214 | D:4      | Bought a potion of heal wounds for 70 gold pieces
  5214 | D:4      | Bought a potion of curing for 42 gold pieces
  5456 | D:4      | Found a runed translucent door.
  5457 | D:4      | Noticed Crazy Yiuf
  5553 | D:4      | Killed Crazy Yiuf
  5993 | D:7      | Noticed a shadow
  6030 | D:7      | Killed a shadow
  6031 | D:7      | Reached XP level 9. HP: 78/89 MP: 10/12
  6101 | D:7      | Noticed Maggie
  6119 | D:7      | Killed Maggie
  6120 | D:7      | Reached skill level 5 in Invocations
  6341 | D:7      | Noticed Pikel
  6350 | D:7      | Killed Pikel
  6518 | D:7      | Found an opulent altar of Gozag.
  6588 | D:7      | Found a staircase to the Ecumenical Temple.
  7428 | D:8      | Reached XP level 10. HP: 99/99 MP: 15/15
  7761 | D:8      | Found a hazy altar of Hepliaklqana.
  7826 | D:8      | Noticed a moth of wrath
  7828 | D:8      | Found a bloodstained altar of Trog.
  7918 | D:9      | Reached skill level 10 in Axes
  8260 | D:9      | Reached **** piety under Zin
  8913 | D:9      | Identified the +3 quarterstaff of Dividends {freeze, rF-
                  | Int+2 Dex+2}
  9062 | D:9      | Found Enkaizxa's Book Boutique.
  9083 | D:9      | Noticed a two-headed ogre
  9105 | D:9      | Killed a two-headed ogre
  9132 | D:9      | Found a staircase to the Lair.
  9283 | D:9      | Found a staircase to the Orcish Mines.
  9320 | D:9      | Reached ***** piety under Zin
  9717 | D:10     | Entered Level 10 of the Dungeon
  9940 | Lair:1   | Entered Level 1 of the Lair of Beasts
  9957 | Lair:1   | Reached XP level 11. HP: 105/108 MP: 17/17
 10659 | Lair:1   | Reached skill level 10 in Invocations
 11374 | Lair:2   | Reached skill level 5 in Armour
 11502 | Orc:1    | Entered Level 1 of the Orcish Mines
 11577 | Orc:1    | Noticed an orc sorcerer
 11585 | Orc:1    | Paralysed by an orc sorcerer for 2 turns
 11589 | Orc:1    | Killed an orc sorcerer
 11827 | Orc:1    | Noticed an orc high priest
 11839 | Orc:1    | Killed an orc high priest
 11844 | Orc:1    | Reached skill level 15 in Fighting
 12016 | Orc:1    | Noticed an orc knight
 12032 | Orc:1    | Killed an orc knight
 12323 | Orc:1    | Reached XP level 12. HP: 74/121 MP: 19/19
 12518 | Orc:2    | Entered Level 2 of the Orcish Mines
 12527 | Orc:2    | Noticed a two-headed ogre
 12532 | Orc:2    | Noticed a two-headed ogre
 12543 | Orc:1    | Killed a two-headed ogre
 12693 | Orc:1    | Killed a two-headed ogre
 12767 | D:9      | HP: 1/122 [troll (7)]
 13003 | Orc:2    | Noticed an ogre mage
 13008 | Orc:2    | Found a roughly hewn altar of Beogh.
 13017 | Orc:2    | Killed an ogre mage
 13030 | Orc:2    | Noticed a two-headed ogre
 13072 | Orc:2    | Noticed a two-headed ogre
 13231 | Orc:1    | Killed a two-headed ogre
 13248 | Orc:2    | Noticed Azrael
 13255 | Orc:1    | Reached skill level 15 in Axes
 13394 | Lair:2   | Found a staircase to the Swamp.
 13586 | Lair:2   | Noticed Harold
 13598 | Lair:2   | Killed Harold
 14141 | Lair:3   | Reached XP level 13. HP: 116/130 MP: 20/20
 14403 | Lair:3   | Found a hole to the Spider Nest.
 14963 | Lair:4   | Reached skill level 1 in Evocations
 15097 | Lair:4   | Noticed Urug
 15145 | Lair:4   | Killed Urug
 15191 | Lair:4   | Noticed Josephine
 15202 | Lair:4   | Killed Josephine
 15875 | Lair:5   | Entered Level 5 of the Lair of Beasts
 16343 | Lair:5   | Found a staircase to the Slime Pits.
 16667 | Lair:5   | Reached ****** piety under Zin
 16879 | Lair:5   | Reached XP level 14. HP: 124/144 MP: 23/23
 17690 | D:10     | Found a sacrificial altar of Ru.
 18407 | D:11     | Found a frozen archway.
 18451 | IceCv    | Entered an ice cave
 18900 | IceCv    | Noticed a frost giant
 18922 | IceCv    | Killed a frost giant
 18976 | IceCv    | Reached XP level 15. HP: 39/155 MP: 22/25
 19542 | D:11     | Got the Incunable of Evolving Minerals
 19627 | D:11     | Reached skill level 10 in Armour
 20107 | D:12     | Noticed Lodul
 20120 | D:12     | Killed Lodul
 21279 | D:13     | Found a gate to the Vaults.
 21466 | D:13     | Identified a scroll of acquirement
 21754 | D:13     | Got the Vellum of Arcane Weapons and Bad Luck
 21974 | D:14     | Noticed Agnes
 21985 | D:14     | Killed Agnes
 22118 | D:13     | Acquired a +1 heavy executioner's axe
 22740 | D:14     | Reached XP level 16. HP: 130/167 MP: 26/26
 22965 | D:14     | Identified the +2 pair of boots of the Trees {Str+2}
 23146 | D:15     | Entered Level 15 of the Dungeon
 23568 | D:15     | Found a stormy altar of Qazlal.
 23635 | D:15     | Noticed Louise
 23666 | D:15     | Killed Louise
 23817 | D:15     | Found Cheibriados's Comfort Zone.
 23819 | D:15     | Found a snail-covered altar of Cheibriados.
 23929 | D:15     | Noticed Kirke
 23943 | D:15     | Killed Kirke
 24085 | D:15     | Found a staircase to the Depths.
 24505 | Orc:2    | Found Kiometi's Jewellery Shop.
 24506 | Orc:2    | Found Zosm's Weapon Emporium.
 24517 | Orc:2    | Found Oroklam's Armour Emporium.
 24592 | Orc:2    | Killed Azrael
 24600 | Orc:2    | Found a staircase to the Elven Halls.
 24630 | Orc:2    | Bought the +2 helmet of Keoturph {rC++} for 546 gold pieces
 24644 | Orc:2    | Found Lolurovu's Antique Armour Shoppe.
 24925 | Orc:2    | Found Aseenut's Jewellery Shop.
 24936 | Orc:2    | Found a runed translucent gate.
 24936 | Orc:2    | Found a runed translucent gate.
 24936 | Orc:2    | Found a runed translucent gate.
 24940 | Orc:2    | Found an opulent altar of Gozag.
 24942 | Orc:2    | Noticed Quickbrownfox's ghost (journeyman DsCj)
 24993 | Orc:2    | Found Gazokloe's Distillery.
 25017 | Orc:2    | Bought a potion of haste for 150 gold pieces
 25201 | Orc:2    | Killed Quickbrownfox's ghost
 25261 | Elf:1    | Entered Level 1 of the Elven Halls
 25491 | Elf:1    | Paralysed by an air elemental for 1 turns
 25534 | Elf:1    | Got Sif Muna's Anthology of Spellbinding and the Crater
 26212 | Elf:1    | Reached XP level 17. HP: 127/161 MP: 28/28
 26460 | Spider:1 | Entered Level 1 of the Spider Nest
 26468 | Spider:1 | Reached skill level 15 in Invocations
 26521 | Spider:1 | Reached skill level 15 in Armour
 27376 | Spider:1 | Noticed Jorgrun
 27387 | Spider:1 | Killed Jorgrun
 28621 | Spider:3 | Noticed Nikola
 28693 | Spider:3 | Noticed Bai Suzhen
 28786 | Spider:3 | Killed Nikola
 28812 | Spider:2 | Killed Bai Suzhen
 29563 | Spider:4 | Entered Level 4 of the Spider Nest
 29614 | Spider:4 | Reached XP level 18. HP: 170/188 MP: 30/30
 30576 | Spider:4 | Found the +3 pair of seven-league boots {Rampage+∞}
 30621 | Spider:4 | Got a gossamer rune of Zot
 31078 | Swamp:1  | Entered Level 1 of the Swamp
 31788 | Swamp:2  | Noticed Mlioglotl
 31859 | Swamp:2  | Killed Mlioglotl
 32066 | Swamp:2  | Reached XP level 19. HP: 204/204 MP: 31/31
 33161 | Swamp:4  | Entered Level 4 of the Swamp
 33192 | Swamp:4  | Reached skill level 27 in Fighting
 33896 | Swamp:4  | Noticed the 27-headed Lernaean hydra
 34050 | Swamp:4  | Noticed Mara
 34077 | Swamp:4  | Killed Mara
 34098 | Swamp:4  | Killed the 27-headed Lernaean hydra
 34253 | Swamp:4  | Identified the +7 long sword of Radicalism {heavy, rC+
                  | Will++ MP+9 Stlth+}
 34259 | Swamp:4  | Got a decaying rune of Zot
 34652 | Depths:1 | Entered Level 1 of the Depths
 34807 | Depths:1 | Found Kaikhla's Assorted Antiques.
 34916 | Depths:1 | Found a one-way gate leading to the halls of Pandemonium.
 34960 | Depths:1 | Found a gateway to Hell.
 35281 | Depths:1 | Found a basalt altar of Yredelemnul.
 35290 | Depths:1 | Noticed a profane servitor
 35302 | Depths:1 | Killed a profane servitor
 35303 | Depths:1 | Reached skill level 5 in Evocations
 35425 | Depths:1 | Reached XP level 20. HP: 214/216 MP: 32/32
 35502 | Depths:2 | Noticed Asterion
 35632 | Depths:2 | Noticed a golden dragon
 35756 | Depths:1 | Killed a golden dragon
 35888 | Depths:2 | Killed Asterion
 36739 | Depths:2 | Found a one-way gate to the infinite horrors of the Abyss.
 37146 | Depths:2 | Noticed the Enchantress
 37161 | Depths:2 | Killed the Enchantress
 37507 | Depths:3 | Paralysed by a floating eye for 3 turns
 37515 | Depths:3 | Paralysed by a floating eye for 3 turns
 37523 | Depths:3 | Paralysed by a floating eye for 3 turns
 37966 | Depths:3 | Acquired 1038 gold pieces
 37997 | Depths:3 | Reached XP level 21. HP: 186/224 MP: 33/33
 38038 | Depths:3 | Identified the +4 quarterstaff "Sewnag" {elec, rPois rN+
                  | Str-5 Int+3}
 38644 | Depths:4 | Entered Level 4 of the Depths
 39099 | Depths:4 | Noticed a golden dragon
 39110 | Depths:3 | Killed a golden dragon
 39751 | Vaults:1 | Entered Level 1 of the Vaults
 40418 | Vaults:1 | Found Buanos's Book Shoppe.
 41138 | Vaults:2 | Found a magical portal.
 41151 | WizLab   | Entered Yara's Duelist Academy
 41274 | WizLab   | Noticed Waoczymn
 41284 | WizLab   | Killed Waoczymn the Head Instructor
 41317 | WizLab   | Reached XP level 22. HP: 158/233 MP: 27/34
 41922 | Vaults:2 | Reached skill level 27 in Axes
 42478 | Vaults:2 | Reached skill level 5 in Dodging
 43229 | Vaults:3 | Found Sejemien's Distillery.
 43721 | Vaults:3 | Found a staircase to the Crypt.
 44410 | Vaults:4 | Reached XP level 23. HP: 173/240 MP: 35/35
 45681 | Vaults:5 | Entered Level 5 of the Vaults
 45785 | Crypt:1  | Entered Level 1 of the Crypt
 45787 | Crypt:1  | Noticed Zenata
 45810 | Abyss:3  | Cast into level 3 of the Abyss (+1 war axe of distortion)
 45829 | Crypt:1  | Escaped the Abyss
 45832 | Crypt:1  | Killed Zenata
 46660 | Elf:2    | Paralysed by an air elemental for 1 turns
 46833 | Elf:2    | Found a runed translucent gate.
 46833 | Elf:2    | Found a runed translucent gate.
 46833 | Elf:2    | Found a runed translucent gate.
 46873 | Elf:2    | Found a crumbling gateway.
 46885 | Desolati | Entered the Desolation of Salt
 47072 | Desolati | Identified the ring "Usekeedghye" {Int+6 Dex+4}
 47080 | Desolati | Identified the staff of conjuration "Lienuges" {rF+}
 47105 | Desolati | Identified the +2 helmet of Arhe {rPois Int+3}
 47122 | Desolati | Identified the ring of Nihilism {Fly rF+ Dex+2}
 47141 | Desolati | Got the Secrets of Gritty Heat
 47290 | Desolati | Reached XP level 24. HP: 200/249 MP: 37/37
 47407 | Desolati | Got Hiesis's Encyclopedia of Vitiation and Topography
 47458 | Desolati | Got Wiader's Vellum of Repulsive Transmutation
 47461 | Desolati | Identified the amulet of Okawaru's Wrath {Harm rPois rN+
                  | Regen+ Str-2}
 47486 | Desolati | Identified the ring of Goin {rC+ Dex+6}
 47488 | Desolati | Identified the ring of Xom's Best Wishes {rC- Int+6 Dex+4}
 47557 | Desolati | Identified the +4 battleaxe of Coce Tua {flame, rF+ Str+2}
 47585 | Desolati | Identified the ring "Matraleo" {rN+ Dex+4}
 47665 | Desolati | Got the Elucidation of Conjuration and Spellbinding
 47991 | Elf:2    | Got Xezereo's Guide on Energy and Shapes
 48440 | Abyss:3  | Cast into level 3 of the Abyss (+0 bardiche of distortion)
 48490 | Abyss:3  | Found a runed translucent door.
 48496 | Abyss:3  | Found a runed translucent door.
 48496 | Abyss:3  | Found a runed translucent door.
 48643 | Abyss:3  | Found a corrupted altar of Lugonu.
 48686 | Abyss:4  | Found a corrupted altar of Lugonu.
 48691 | Abyss:4  | Found a corrupted altar of Lugonu.
 48804 | Abyss:4  | Found a corrupted altar of Lugonu.
 48842 | Abyss:4  | Got an abyssal rune of Zot
 48933 | Abyss:4  | Paralysed by accursed screaming for 2 turns
 49118 | Abyss:4  | Found a corrupted altar of Lugonu.
 49254 | Elf:2    | Escaped the Abyss
 49602 | Elf:3    | Entered Level 3 of the Elven Halls
 49756 | Elf:3    | Paralysed by an air elemental for 1 turns
 49855 | Elf:3    | Identified Roxanne's Thoughts on the Plateau
 49855 | Elf:3    | Noticed Roxanne
 49857 | Elf:3    | Paralysed by an air elemental for 1 turns
 49866 | Elf:3    | Reached XP level 25. HP: 257/257 MP: 37/37
 49873 | Elf:3    | Killed Roxanne
 50153 | Elf:3    | Identified the ring of Ymautieng {Fly Int-3 Dex+2 Stlth+}
 50460 | Elf:3    | Reached skill level 27 in Armour
 50592 | Elf:3    | Identified the +5 scimitar of the Five Nightcaps {speed,
                  | rCorr Int-2 Dex+3}
 50592 | Elf:3    | Identified the ring "Har Bokeit" {rN+ Will+ Dex+6}
 50600 | Elf:3    | Noticed Aizul
 50600 | Elf:3    | Identified the +2 leather armour of Fae the Leaf {Harm Fly
                  | SInv Stlth-}
 50601 | Elf:3    | Identified the +0 robe of Starshine {Will- Regen+ Str+8}
 50646 | Elf:3    | Killed Aizul
 50783 | Elf:3    | Got the Handbook of Polytheism
 50829 | Elf:3    | Got the Vademecum on Horrible Degeneration
 50837 | Elf:3    | Identified the staff of cold "Odahuefu" {rElec rPois rC+
                  | Str+2}
 50850 | Elf:3    | Identified the ring of Walegheu {rElec rPois rCorr}
 50861 | Elf:3    | Identified the +1 spear of the Tired Artisans {venom, rPois
                  | rN+}
 50870 | Elf:3    | Identified the staff of cold "Fashroud" {rF+ rC+}
 51297 | Slime:1  | Entered Level 1 of the Pits of Slime
 52156 | Slime:4  | Reached skill level 10 in Evocations
 52526 | Slime:5  | Entered Level 5 of the Pits of Slime
 52847 | Slime:5  | Found a viscous altar of Jiyva.
 52930 | Slime:5  | Noticed the Royal Jelly
 52945 | Slime:5  | Killed the Royal Jelly
 53074 | Slime:5  | Got a slimy rune of Zot
 53102 | Slime:5  | Identified the staff of cold "Weysh" {rPois rF+ rC+}
 53137 | Slime:5  | Identified the +2 war axe of Lafis {heavy, rN+}
 53157 | Slime:5  | Identified the staff of poison "Mer Seu" {rPois MP+9 Dex+2
                  | Stlth+}
 53185 | Slime:5  | Identified the staff of air "Seorgh" {+Blink rElec Int+7}
 53191 | Slime:5  | Identified the staff of cold "Beoptekk" {rC+ rN+ rCorr
                  | Str+3}
 53653 | Vaults:5 | Reached XP level 26. HP: 174/266 MP: 37/37
 53747 | Vaults:5 | Found Hexirati's Magic Scroll Boutique.
 53796 | Vaults:5 | Reached skill level 10 in Dodging
 53914 | Vaults:5 | Identified the ring of Activism {rN++ Str+3 Int-2 SInv}
 54065 | Vaults:5 | Identified the amulet "Oxos Zegot" {RegenMP rPois}
 54073 | Vaults:5 | Identified the +5 arbalest of Wiheigye {drain, rN+}
 54199 | Vaults:5 | Got a silver rune of Zot
 54429 | Vaults:5 | Found the +12 glaive of Prune {freeze, Prune}
 54492 | Vaults:5 | Identified the +8 morningstar of the Wasteland {protect,
                  | rF+ rC+}
 54546 | Vaults:5 | Paralysed by a sphinx for 5 turns
 55176 | Vaults:5 | Identified the +6 spear of the Feather {heavy, Contam rElec
                  | Str+4 Dex+2}
 55537 | Crypt:1  | Reached skill level 15 in Evocations
 55625 | Crypt:1  | Identified the +0 pair of boots "Loppom" {rC+ rCorr}
 55925 | Crypt:2  | Found an ancient bone altar of Kikubaaqudgha.
 56645 | Crypt:3  | Entered Level 3 of the Crypt
 56990 | Crypt:3  | Found a runed translucent gate.
 56990 | Crypt:3  | Found a runed translucent gate.
 56990 | Crypt:3  | Found a runed translucent gate.
 56991 | Crypt:3  | Noticed Zoalos's ghost (veteran GrEE)
 57317 | Crypt:2  | Reached XP level 27. HP: 204/273 MP: 39/39
 57564 | Crypt:3  | Found a staircase to the Tomb.
 57722 | Crypt:3  | Identified the ring of Midwinter {rN+ MP+9 Str-5 Int+2
                  | SInv}
 57844 | Crypt:3  | Found a basalt altar of Yredelemnul.
 57851 | Crypt:3  | Found an ancient bone altar of Kikubaaqudgha.
 58487 | Hell     | Entered the Vestibule of Hell
 58487 | Hell     | Noticed Geryon
 58866 | Hell     | Noticed Murray
 58969 | Depths:2 | Killed Murray
 59081 | Hell     | Reached skill level 27 in Invocations
 59095 | Hell     | Killed Geryon
 59148 | Hell     | Found a gateway to the decaying netherworld of Tartarus.
 59292 | Hell     | Found a gateway to the Iron City of Dis.
 59327 | Hell     | Found a gateway to the freezing wastes of Cocytus.
 59618 | Hell     | Found a gateway to the ashen valley of Gehenna.
 59880 | Pan      | Entered Pandemonium
 60009 | Pan      | Noticed Xaazofroist the pandemonium lord
 60028 | Pan      | Killed Xaazofroist the pandemonium lord
 60221 | Pan      | Found an exit through the horrors of the Abyss.
 60251 | Pan      | Reached skill level 1 in Spellcasting
 60955 | Pan      | Noticed Saneili the pandemonium lord
 60985 | Pan      | Killed Saneili the pandemonium lord
 61078 | Pan      | Got a demonic rune of Zot
 61297 | Pan      | Found an exit through the horrors of the Abyss.
 62674 | Pan      | Found an exit through the horrors of the Abyss.
 62886 | Pan      | Noticed Hobluuq the pandemonium lord
 63162 | Pan      | Killed Hobluuq the pandemonium lord
 64032 | Pan      | Noticed Udigol the pandemonium lord
 64037 | Pan      | Entered the realm of Gloorx Vloq.
 64227 | Pan      | Found an exit through the horrors of the Abyss.
 64253 | Pan      | Noticed Ignacio
 64266 | Pan      | Killed Ignacio
 65013 | Pan      | Noticed Gloorx Vloq
 65258 | Pan      | Got a dark rune of Zot
 65331 | Pan      | Entered the realm of Lom Lobon.
 65638 | Pan      | Noticed Gloorx Vloq
 65649 | Pan      | Killed Gloorx Vloq
 66223 | Pan      | Noticed Lom Lobon
 66254 | Pan      | Killed Lom Lobon
 66871 | Pan      | Got a magical rune of Zot
 67070 | Pan      | Learned a level 2 spell: Blink
 67269 | Pan      | Noticed Byczusera the pandemonium lord
 67279 | Pan      | Killed Byczusera the pandemonium lord
 67280 | Pan      | Reached skill level 1 in Translocations
 67387 | Pan      | Identified the +3 leather armour of Uskayaw's Displeasure
                  | {Str-5 Int+6}
 67396 | Pan      | Identified the +5 trident of Gallantry {flame, Dex+5}
 68051 | Pan      | Found a runed translucent door.
 68724 | Pan      | Noticed Rucymmut the pandemonium lord
 68729 | Pan      | Killed Rucymmut the pandemonium lord
 68836 | Pan      | Entered the realm of Mnoleg.
 69082 | Pan      | Found an exit through the horrors of the Abyss.
 69327 | Pan      | Paralysed by a floating eye for 2 turns
 69351 | Pan      | Reached skill level 5 in Translocations
 69441 | Pan      | Paralysed by a floating eye for 4 turns
 69452 | Pan      | Noticed Mnoleg
 69496 | Pan      | Killed Mnoleg
 69589 | Pan      | Reached skill level 15 in Dodging
 69595 | Pan      | Paralysed by a floating eye for 4 turns
 69783 | Pan      | Got a glowing rune of Zot
 70116 | Pan      | Found a huge runed translucent gate.
 70117 | Pan      | Found a huge runed translucent gate.
 70118 | Pan      | Found a huge runed translucent gate.
 70118 | Pan      | Found a huge runed translucent gate.
 70118 | Pan      | Found a huge runed translucent gate.
 70118 | Pan      | Found a huge runed translucent gate.
 70118 | Pan      | Found a huge runed translucent gate.
 70133 | Pan      | Found an exit through the horrors of the Abyss.
 70549 | Pan      | Noticed Vamed the pandemonium lord
 70562 | Pan      | Killed Vamed the pandemonium lord
 70649 | Pan      | Found a white marble altar of Elyvilon.
 70835 | Pan      | Found an exit through the horrors of the Abyss.
 70860 | Pan      | Entered the realm of Cerebov.
 70898 | Pan      | Identified the +2 pair of boots of Zeheu {Regen+ Int+3}
 71779 | Pan      | Identified the +11 morningstar of the Nice God {antimagic,
                  | rPois}
 71836 | Pan      | Found the +6 sword of Cerebov {flame}
 71836 | Pan      | Noticed Cerebov
 72144 | Pan      | Identified the +11 spear of Mosi Zaq {heavy, Int+3}
 72146 | Pan      | Identified the +3 quarterstaff "Diuxt" {pain, rC+ Will+
                  | Int-4}
 72155 | Pan      | Got the Precepts of Quantum Leap
 72162 | Pan      | Learned a level 3 spell: Swiftness
 72222 | Pan      | Identified the +2 falchion "Vuyshri" {flame, Str+4 SInv}
 72262 | Pan      | Identified the +0 morningstar of the Spinneret {antimagic,
                  | rC++ Will+}
 72282 | Pan      | Reached skill level 1 in Air Magic
 72405 | Pan      | Identified the +5 ring mail of the Butcher {Int+3}
 72460 | Pan      | Killed Cerebov
 72543 | Pan      | Got a fiery rune of Zot
 72791 | Pan      | Found an exit through the horrors of the Abyss.
 72886 | Pan      | Noticed Qulocouk the pandemonium lord
 73110 | Pan      | Killed Qulocouk the pandemonium lord
 73624 | Pan      | Took an exit into the Abyss.
 73624 | Abyss:4  | Escaped into the Abyss
 73643 | Depths:2 | Escaped the Abyss
 73896 | Depths:4 | Found Ogieseedgh's Magic Scroll Shop.
 73906 | Depths:4 | Bought a scroll of fog for 84 gold pieces
 73906 | Depths:4 | Bought a scroll of fog for 84 gold pieces
 73906 | Depths:4 | Bought a scroll of blinking for 157 gold pieces
 73977 | Depths:4 | Found a gate to the Realm of Zot.
 74036 | Depths:4 | Found a one-way gateway to a ziggurat.
 74282 | Zot:1    | Entered Level 1 of the Realm of Zot
 74513 | Zot:1    | Noticed Grunn
 74529 | Zot:1    | Killed Grunn
 74998 | Zot:1    | Found a runed translucent door.
 75002 | Zot:1    | Noticed Netemen's ghost (master GnFi)
 75024 | Zot:1    | Killed Netemen's ghost
 77023 | Zot:3    | Found a transporter.
 77025 | Zot:3    | Found a transporter.
 77042 | Zot:3    | Found a transporter.
 77110 | Zot:3    | Found a transporter.
 77110 | Zot:3    | Found a transporter.
 78355 | Zot:4    | Acquired a manual of Translocations
 79142 | Zot:5    | Entered Level 5 of the Realm of Zot
 79142 | Zot:5    | Found a snail-covered altar of Cheibriados.
 79606 | Zot:5    | Found a stormy altar of Qazlal.
 79668 | Zot:5    | Reached skill level 5 in Air Magic
 80077 | Zot:5    | Noticed a dread lich
 80090 | Zot:5    | Paralysed by a dread lich for 5 turns
 80099 | Zot:5    | Killed a dread lich
 80107 | Zot:5    | Noticed a dread lich
 80114 | Zot:5    | Killed a dread lich
 80116 | Zot:5    | Noticed an orb of fire
 80173 | Zot:5    | Killed an orb of fire
 80255 | Zot:5    | Reached skill level 10 in Translocations
 80282 | Zot:5    | Noticed an orb of fire
 80284 | Zot:5    | Noticed an orb of fire
 80285 | Zot:5    | Noticed an orb of fire
 80286 | Zot:5    | Noticed an orb of fire
 80286 | Zot:5    | Noticed an ancient lich
 80388 | Zot:5    | Noticed an ancient lich
 80403 | Zot:5    | Killed an ancient lich
 80425 | Zot:5    | Killed an orb of fire
 80499 | Zot:5    | Noticed an ancient lich
 80511 | Zot:5    | Killed an ancient lich
 80531 | Zot:5    | Killed an orb of fire
 80637 | Zot:5    | Noticed an orb of fire
 80652 | Zot:5    | Killed an orb of fire
 80736 | Zot:5    | Killed an ancient lich
 80917 | Zot:5    | Killed an orb of fire
 80945 | Zot:5    | Killed an orb of fire
 81007 | Zot:5    | Got the Orb of Zot
 81324 | Depths:2 | Identified the staff of earth "Ofaeceta" {Fly rPois rF+
                  | rC-}
 81914 | D:$      | Escaped with the Orb!

Illustrated notes

Levels and vault maps discovered:
D:1:      minmay_arrival_doors, layout_rooms
D:2:      layout_loops_cross, hellmonk_ecumenical_altar_crossroads,
          nrook_mini_backslash
D:3:      minmay_razor_zed, layout_basic, okawaru_ov_weapons_minmay,
          gammafunk_temple_overflow_wave, mainiacjoe_overflow_tiny_flanked
D:4:      nicolae_cairo_tiling, layout_basic,
          mainiacjoe_overflow_concentric_impassable, serial_shops, shop,
          nicolae_shop_overgrown_old_shop, shop,
          nicolae_shop_tiny_statue_garden, minmay_mini_ossuary,
          uniq_crazy_yiuf_cottage
D:5:      layout_basic, mainiacjoe_overflow_alcove_3
D:6:      layout_basic, portal_sewer_entry_b
D:7:      minmay_chambers_of_fours, layout_basic, mainiacjoe_overflow_boulevard,
          minmay_temple_entry_mini_moons, uniq_pikel, uniq_maggie
D:8:      layout_basic, tgw_trog, pf_just_have_faith
D:9:      kennysheep_blocky_hall, layout_irregular_city,
          erik_lair_orcish_takeover, hiddenorc2_lemuel, serial_shops, shop,
          kennysheep_path_1, st_stairs_3
D:10:     layout_loops_ring, nicolae_ru_sacrificial_ziggurat,
          serial_bayou_lagoon_a
D:11:     layout_rooms, portal_ice_cave_entry_animals_and_master,
          small_statue_alley_a
D:12:     layout_cave_pods, uniq_lodul
D:13:     minmay_tile_spiral, layout_irregular_city,
          grunt_vaults_entry_fortified, nicolae_concentric_dashed_squares_wild
D:14:     layout_basic, chequers_serial_rivers_small_3, uniq_agnes
D:15:     grunt_enter_depths_snipers, layout_basic,
          nicolae_qazlal_general_emergency, minmay_shop_chei, uniq_kirke,
          uniq_louise
Lair:1:   layout_gridlike, grunt_megastairs_2, infiniplex_staircase_pool,
          serial_bayou_shore_b
Lair:2:   layout_loops_ring, minmay_swamp_entry_eels, minivault_25, uniq_harold
Lair:3:   layout_gridlike, spider_nest_entry_webs
Lair:4:   layout_gridlike, dpeg_oklob_1, uniq_josephine, uniq_urug
Lair:5:   evilmike_catoblepas_cave, layout_misc_corridors,
          nicolae_slime_entry_slimehenge
Swamp:1:  layout_basic_swamp, evilmike_swamp_ruin_house_1
Swamp:2:  layout_falls_marsh, serial_swamp_ruin, evilmike_swamp_ruin_rubble_1,
          evilmike_swamp_ruin_house_5, evilmike_swamp_ruin_rubble_2,
          uniq_mlioglotl
Swamp:3:  layout_basic_swamp, nicolae_swamp_orc_logging_accident,
          nicolae_swamp_tree_designs
Swamp:4:  swamp, layout_basic_swamp, swamp_pool1, cheibrodos_swamp_pet_leeches,
          uniq_mara
Spider:1: layout_spider_delve, lemuel_hornet_nest, uniq_jorgrun
Spider:2: layout_spider_delve
Spider:3: layout_spider_delve, nicolae_spider_bzzzt, uniq_nikola,
          uniq_bai_suzhen
Spider:4: grunt_spider_rune_circles, special_room [special_room_bee]
Slime:1:  layout_caves
Slime:2:  layout_caves
Slime:3:  layout_caves
Slime:4:  layout_caves, cheibrodos_slime_lost_civilization_5
Slime:5
Orc:1:    layout_caves, nooodl_orcs_dogs
Orc:2:    st_orc_open, layout_caves, basic_altar, special_room, serial_shops,
          shop_coins, nicolae_shop_trees, ebering_ghost_gozag, uniq_azrael
Elf:1:    layout_loops_ring, minmay_elf_necromancy
Elf:2:    elven_hall_of_blades_hangedman_original
          [nicolae_blade_entry_floor_patterns], layout_loops_ring,
          portal_desolation_entry_nicolae_nacl
Elf:3:    minmay_elf_hall_dome, layout_geoelf_octagon, uniq_roxanne, uniq_aizul
Vaults:1: nicolae_vaults_tetromino_T_2, v_misc_9, nicolae_vaults_tetromino_Z_1,
          nicolae_vaults_heist, nicolae_vaults_tangram_1,
          nicolae_vaults_antechamber_and_loot_room, v_alt_pattern_2,
          vaults_standard_mumra_enter_the_diamond, dpeg_vaults_monster_row,
          nicolae_vaults_diagonal_hallway_7, nicolae_vaults_tetromino_L_1,
          nicolae_vaults_little_squares_6, vaults_mumra_hexcomb,
          layout_vaults_omnicross, serial_shops, shop
Vaults:2: mu_enter_wizlab_2, hangedman_vaults_stitches, grunt_vaults_bifocal,
          ontoclasm_vaults_fault, hangedman_vaults_variations,
          nicolae_vaults_tetromino_T_2, nicolae_vaults_little_squares_4,
          nicolae_vaults_little_squares_2, nicolae_vaults_network_quinsquares
          [nicolae_vaults_network_quincunx_subvault,
          nicolae_vaults_network_quincunx_subvault,
          nicolae_vaults_network_quincunx_subvault,
          nicolae_vaults_network_quincunx_subvault],
          nicolae_vaults_tetromino_L_1, v_misc_8, vaults_room_grid,
          vaults_dpeg_emergency_exit, nicolae_vaults_tetromino_Z_2, v_misc_17,
          layout_vaults_maze
Vaults:3: nicolae_vaults_house_2, minmay_crypt_entry_simple_sparse,
          vaults_mumra_minichess_inversion, nicolae_vaults_big_angled_halls,
          v_alt_pattern_6, nicolae_vaults_little_squares_6,
          nicolae_vaults_murder_corner, layout_vaults_omnigrid, serial_shops,
          nicolae_shop_crystal
Vaults:4: hangedman_vaults_stream, nicolae_vaults_little_squares_6,
          nicolae_vaults_trapezoid_4, hangedman_vaults_slice, v_rooms_1,
          vaults_standard_mumra_enter_the_diamond,
          nicolae_vaults_shipping_containers_7, v_misc_10, v_misc_15,
          nicolae_vaults_alarming, layout_vaults_omnibox, serial_shops,
          bzr_entry_safe
Vaults:5
Crypt:1:  layout_misc_corridors, uniq_zenata
Crypt:2:  layout_regular_city, basic_altar
Crypt:3:  lightli_unholy_cathedral, layout_chaotic_city,
          tomb_entry_shell_bobbens, gammafunk_ghost_spectres
Depths:1: minmay_skeletal_surprise, layout_cave_pools, serial_shops, shop,
          pan_entry, fountainhead, pf_vacation_house_of_asmodeus,
          hangedman_blasphemy, serial_bayou_shore_a
Depths:2: grunt_forest_end_chambers, layout_gridlike, hex_medium, hell_entry,
          rand_demon_pan_entry_8, abyss_entry, water_maze_lemuel,
          minmay_staircase_statues, firewood_loft, uniq_asterion
Depths:3: kennysheep_six_static_rooms, layout_honeycomb, hangedman_coc_ice_floe,
          abyss_entry, hangedman_eye_storm, infiniplex_staircase_spiral
Depths:4: evilmike_zot_entry_diamond, layout_cave_pools, enter_ziggurat_b,
          minmay_misc_feat_rows, serial_shops, nicolae_shop_tiny_waterfront,
          pf_hell_entry_tar_river, serial_bayou_pond_a
Hell
Zot:1:    layout_misc_corridors, ebering_ghost_inner_flame, zot_minivault_3,
          uniq_grunn
Zot:2:    kennysheep_bubbly, layout_gridlike, drop_trap
Zot:3:    gammafunk_the_bubble [the_bubble_gammafunk_roulette], layout_gridlike
Zot:4:    grunt_twist_and_shout, layout_concentric_octagons, evilmike_ambush
          [evilmike_ambush_outer_basic, evilmike_ambush_inner_cross]
Zot:5:    layout_gridlike, grunt_ministairs_8, hangedman_feature_mirror

Skill      XL: |  1  2  3  4  5  6  7  8  9 10 11 12 13 14 15 16 17 18 19 20 21 22 23 24 25 26 27 |
---------------+----------------------------------------------------------------------------------+-----
Fighting       | 4 5 6 7 10 11 12 13 15 16 18 20 21 22 23 26 27 | 27.0
Axes           | 5 7 9 11 13 15 16 17 19 20 21 23 26 27 | 27.0
Armour         | 1 3 4 6 8 9 12 14 16 17 19 20 23 26 27 | 27.0
Invocations    | 4 7 9 10 12 14 17 20 21 24 27 | 27.0
Evocations     | 4 5 8 12 15 25 | 25.5
Dodging        | 8 9 10 20 | 20.4
Spellcasting   | 4 |  4.0
Translocations | 12 | 12.0
Air Magic      | 8 |  8.0

Action                     |  1- 3 |  4- 6 |  7- 9 | 10-12 | 13-15 | 16-18 | 19-21 | 22-24 | 25-27 || total
---------------------------+-------+-------+-------+-------+-------+-------+-------+-------+-------++-------
  Melee: Hand axe          |    99 |       |       |       |       |       |       |       |       ||    99
         Trident           |    10 |    96 |   203 |   467 |    95 |    22 |    82 |       |       ||   975
         War axe           |       |       |       |   158 |   161 |       |       |       |       ||   319
         Punch             |       |       |       |     1 |     4 |     1 |     1 |       |       ||     7
         Battleaxe         |       |       |       |       |   489 |   920 |   872 |  1027 |   384 ||  3692
         Executioner's axe |       |       |       |       |    12 |       |       |       |  2409 ||  2421
  Throw: Dart              |       |       |       |       |    10 |       |       |       |       ||    10
 Invoke: Recite            |       |       |    10 |    24 |    16 |    45 |    57 |    49 |   125 ||   326
         Vitalisation      |       |       |       |       |     1 |     1 |       |     3 |     1 ||     6
         Sanctuary         |       |       |       |       |       |       |       |     1 |     3 ||     4
         Imprison          |       |       |       |       |       |       |       |       |     1 ||     1
  Evoke: Wand              |       |       |     4 |     6 |     4 |    14 |     3 |     1 |     3 ||    35
         Condenser vane    |       |       |       |       |     2 |       |     3 |     1 |     2 ||     8
         Lightning rod     |       |       |       |       |     3 |     3 |    13 |     5 |     5 ||    29
         Phial of floods   |       |       |       |       |       |       |     2 |       |     1 ||     3
    Use: Potion            |       |       |     2 |     3 |     2 |     1 |     2 |    12 |    14 ||    36
         Scroll            |       |       |     8 |    11 |    26 |     7 |    11 |    18 |    39 ||   120
   Stab: Distracted        |       |     1 |       |       |     3 |    13 |    24 |    22 |    54 ||   117
         Sleeping          |       |     1 |       |       |       |       |       |       |       ||     1
         Confused          |       |       |     2 |     2 |     4 |    12 |    14 |    31 |    26 ||    91
         Paralysed         |       |       |       |    17 |     5 |     6 |     6 |     4 |     9 ||    47
         Invisible         |       |       |       |    10 |     1 |     1 |     1 |     2 |     1 ||    16
         Petrified         |       |       |       |       |     4 |       |       |       |       ||     4
 Armour: Robe              |    17 |     2 |       |       |       |       |       |       |       ||    19
         Scale mail        |       |    23 |    60 |   168 |       |       |       |       |       ||   251
         Plate armour      |       |       |       |   208 |   658 |   791 |   506 |       |       ||  2163
         Gold dragon scale |       |       |       |       |       |       |   460 |   701 |  2134 ||  3295
  Dodge: Dodged            |    50 |    24 |    64 |   299 |   265 |   331 |   325 |   289 |  1360 ||  3007
